 Dungeon Sprint DCSS version 0.22-a0-836-gec0ffd4 (webtiles) character file.

436 BaronVonScrub the Carver (level 6, -3/68 HPs)
             Began as a Deep Dwarf Berserker on July 25, 2018.
             Was a Believer of Trog.
             Succumbed to Sonja's curare-tipped needle
             ... in the Dungeon (Sprint I: "Red Sonja").
             The game lasted 00:02:52 (285 turns).

BaronVonScrub the Carver (Deep Dwarf Berserker)      Turns: 285, Time: 00:02:53

Health: -3/68      AC:  2    Str: 23    XL:     6   Next: 69%
Magic:  6/6        EV: 15    Int:  7    God:    Trog [**....]
Gold:   297        SH:  0    Dex: 12    Spells: 5/5 levels left

rFire    . . .     SeeInvis .   a - +0 falchion
rCold    . . .     Gourm    .   (no shield)
rNeg     . . .     Faith    .   b - +0 animal skin
rPois    .         Spirit   .   (no helmet)
rElec    .         Reflect  .   (no cloak)
rCorr    .         Harm     .   (no gloves)
MR       ++...     NoTele   +   (no boots)
Stlth    +.........             (no amulet)
HPRegen  1.00/turn              (no ring)
MPRegen  0.10/turn              (no ring)

@: lethally poisoned (-3 -> -67), berserk cooldown, non-regenerating, hasted and
slowed
A: damage resistance, heal wounds, sense surroundings 1, no regeneration
a: Heal Wounds, Berserk, Trog's Hand, Renounce Religion


You were in the Dungeon.
You worshipped Trog.
Trog was pleased with you.
You were very hungry.

You visited 1 branch You collected 297 gold pieces.

Inventory:

Hand Weapons
 a - a +0 falchion (weapon)
Armour
 b - a +0 animal skin (worn)
 j - a +0 ring mail
Scrolls
 i - a scroll of blinking
Potions
 d - a potion of curing
 e - a potion of heal wounds
 g - 2 potions of magic
 h - a potion of berserk rage
 k - a potion of ambrosia {unknown}
Comestibles
 c - a ration


   Skills:
 + Level 8.4 Fighting
 + Level 10.0 Long Blades
 + Level 5.1 Armour
 + Level 5.8 Dodging


You had 5 spell levels left.
You didn't know any spells.
Your spell library was empty.

Dungeon Overview and Level Annotations

Branches:
Dungeon (1/1)

Altars:
Cheibriados
Dithmenos
Elyvilon
Fedhas
Gozag
Hepliaklqana
Kikubaaqudgha
Nemelex Xobeh
Okawaru
Qazlal
Ru
Sif Muna
Trog
Uskayaw
Vehumet
Wu Jian
Yredelemnul
Zin
The Shining One

Shops:
D =

Annotations:
D Sonja


Innate Abilities, Weirdness & Mutations

You are resistant to damage.
You can heal yourself by infusing magical energy.
You passively map a small area around you.
You do not regenerate.


Message History

Sonja bows elegantly.
Sonja mumbles some strange words.
Sonja blinks!
You fail to use your ability.
* * * LOW HITPOINT WARNING * * *
You feel extremely sick.
Sonja unwields an uncursed short sword of venom.
It stops dripping with poison.
Sonja wields an uncursed blowgun.
Sonja shoots a curare-tipped needle.
The curare-tipped needle barely misses you.
You fail to use your ability.
* * * LOW HITPOINT WARNING * * *
You feel extremely sick.
Sonja shoots a curare-tipped needle.
The curare-tipped needle hits you.
You are more poisoned.
You have difficulty breathing.
* * * LOW HITPOINT WARNING * * *
You feel as though you will be slow longer.
You fail to use your ability.
You die...

################***
* #<.#..').#..'..#
,+ #..').#..').#..+
, #..#####'#####'#_
* #..####..#...#(#
#..#__####..##(#≈ *
#..#___@_##(#_.+≈≈
#⌠⌠#_.∩...K((._#≈
,, ,
####_..__##_.#+#* *
, #_____###'# *, *
* #######*#.#** * *
, $.$ , , ++ $.$# *
* ##.## , , ,#+# ,
, ,


You could see Sonja.

Vanquished Creatures
  Sigmund (D)
  A yak (D)
  An ogre (D)
  A jelly (D)
  Ijyb (D)
5 creatures vanquished.

Notes
Turn   | Place    | Note
-------+----------+-------------------------------------------
     0 | D        | BaronVonScrub the Deep Dwarf Berserker began the quest for the Orb.
     0 | D        | Reached XP level 1. HP: 20/20 MP: 1/1
    12 | D        | Noticed Ijyb
    22 | D        | Killed Ijyb
    22 | D        | Reached skill level 4 in Long Blades
    22 | D        | Reached XP level 2. HP: 30/30 MP: 2/2
    52 | D        | Noticed an ogre
    58 | D        | Killed an ogre
    58 | D        | Reached skill level 5 in Fighting
    58 | D        | Reached skill level 6 in Long Blades
    58 | D        | Reached XP level 3. HP: 40/40 MP: 3/3
    58 | D        | Reached XP level 4. HP: 48/48 MP: 4/4
   101 | D        | Noticed Sigmund
   113 | D        | Killed Sigmund
   113 | D        | Reached ** piety under Trog
   113 | D        | Reached skill level 8 in Long Blades
   113 | D        | Reached XP level 5. HP: 57/57 MP: 5/5
   172 | D        | Found a deep blue altar of Sif Muna.
   173 | D        | Found an ornate altar of the Wu Jian Council.
   175 | D        | Found a radiant altar of Vehumet.
   180 | D        | Reached skill level 9 in Long Blades
   180 | D        | Reached skill level 5 in Dodging
   180 | D        | Reached XP level 6. HP: 66/66 MP: 6/6
   184 | D        | Found Effenlya's Jewellery Emporium.
   184 | D        | Found an ancient bone altar of Kikubaaqudgha.
   184 | D        | Found a hazy altar of Hepliaklqana.
   184 | D        | Found a stormy altar of Qazlal.
   184 | D        | Found a hide-covered altar of Uskayaw.
   184 | D        | Found a blossoming altar of Fedhas.
   184 | D        | Found a bloodstained altar of Trog.
   184 | D        | Found an iron altar of Okawaru.
   184 | D        | Found a basalt altar of Yredelemnul.
   184 | D        | Found a glowing golden altar of the Shining One.
   184 | D        | Found a snail-covered altar of Cheibriados.
   184 | D        | Found a sacrificial altar of Ru.
   184 | D        | Found a glowing silver altar of Zin.
   184 | D        | Found a shadowy altar of Dithmenos.
   184 | D        | Found a white marble altar of Elyvilon.
   184 | D        | Noticed a yak
   211 | D        | Killed a yak
   211 | D        | Reached skill level 10 in Long Blades
   211 | D        | Reached skill level 5 in Armour
   212 | D        | Found an opulent altar of Gozag.
   213 | D        | Found a sparkling altar of Nemelex Xobeh.
   268 | D        | Noticed Sonja
   284 | D        | HP: 3/68 [asphyx]
   285 | D        | Succumbed to Sonja's curare-tipped needle

Vault maps used:
D:        dungeon_sprint_1

Skill      XL: |  1  2  3  4  5  6 |
---------------+-------------------+-----
Fighting       | 4 5 7 8 |  8.4
Long Blades    | 4 6 8 9 10 | 10.0
Armour         | 3 4 5 |  5.1
Dodging        | 3 4 5 |  5.8

Action                   |  1- 3 |  4- 6 || total
-------------------------+-------+-------++-------
Melee: Falchion          |    12 |    37 ||    49
Invok: Berserk           |     2 |     3 ||     5
       Trog's Hand       |       |     1 ||     1
 Abil: Heal Wounds       |       |     8 ||     8
  Use: Potion            |       |     1 ||     1
  Eat: Chunk             |       |     2 ||     2
Armor: Animal skin       |     1 |     4 ||     5
Dodge: Dodged            |     4 |    34 ||    38
       Rpst.: Falchion   |     3 |     8 ||    11

Table legend:
 A = Spawn XP
 B = Non-spawn XP
 C = Spawn XP percentage of total XP
 D = Spawn monster count
 E = Non-spawn monster count
 F = Spawn count percentage of total count
 G = Total turns spent on level
                    A         B        C        D         E        F      G
               +---------+---------+-------+---------+---------+-------+---------
         Total |       0 |     624 |   0.0 |       0 |       5 |   0.0 |   285
               +---------+---------+-------+---------+---------+-------+---------
             D |       0 |     624 |   0.0 |       0 |       5 |   0.0 |   285
               +---------+---------+-------+---------+---------+-------+---------
